 Dungeon Crawl Stone Soup version 0.28-a0-768-g8c92f1e708 (webtiles) character file.

Game seed: 7635593937947483598

6922 Johnny the Fencer (level 11, -2/80 HPs)
             Began as a Human Berserker on Oct 31, 2021.
             Was a Priest of Trog.
             Slain by a fire elemental (10 damage)
             ... summoned by a deep elf pyromancer
             ... on level 10 of the Dungeon.
             The game lasted 00:09:40 (10661 turns).

Johnny the Fencer (Human Berserker)                Turns: 10661, Time: 00:09:40

Health: -2/80      AC: 13    Str: 20    XL:     11   Next: 27%
Magic:  0/9        EV: 13    Int:  8    God:    Trog [***...]
Gold:   157        SH:  0    Dex: 26    Spells: 10/10 levels left

rFire   . . .      SeeInvis .   i - +0 scimitar
rCold   . . .      Faith    .   (no shield)
rNeg    + . .      Spirit   +   c - +0 troll leather armour
rPois   +          Reflect  .   j - +2 hat
rElec   .          Harm     .   D - +2 cloak {rPois}
rCorr   +          Rampage  .   l - +1 pair of gloves of Refuge {rCorr Dex+7}
Will    .....                   (no boots)
Stlth   ++........              d - amulet of guardian spirit
HPRegen 0.00/turn               p - +6 ring of dexterity
MPRegen 0.11/turn               k - ring of positive energy

@: on berserk cooldown, inhibited regen, slowed, very slow
A: iridescent scales 1, low mp 1, inhibited regeneration
a: Renounce Religion, Berserk, Trog's Hand


You were on level 10 of the Dungeon.
You worshipped Trog.
Trog was most pleased with you.
You visited 1 branch of the dungeon, and saw 10 of its levels.

You collected 416 gold pieces.
You spent 259 gold pieces at shops.

Inventory:

Hand Weapons
 b - a +2 vampiric great sword
 i - a +0 scimitar (weapon)
Armour
 c - a +0 troll leather armour (worn)
 j - a +2 hat (worn)
 l - the +1 pair of gloves of Refuge (worn) {rCorr Dex+7}
   (You acquired it on level 7 of the Dungeon)

   Dex:       It affects your dexterity (+7).
   rCorr:     It protects you from acid and corrosion.
 D - a +2 cloak of poison resistance (worn)
Jewellery
 d - an amulet of guardian spirit (around neck)
 e - an amulet of regeneration
 k - a ring of positive energy (right hand)
 p - a +6 ring of dexterity (left hand)
Wands
 a - a wand of acid (4)
Scrolls
 g - 2 scrolls of magic mapping
 h - a scroll of immolation
 n - a scroll of holy word
 o - a scroll of identify
 s - 3 scrolls of vulnerability
 x - a scroll of amnesia
 z - 3 scrolls of noise
Potions
 f - 3 potions of magic
 m - a potion of invisibility {unknown}
 q - a potion of attraction
 r - 4 potions of curing
 u - a potion of cancellation
 A - a potion of flight


   Skills:
 - Level 5.6 Fighting
 * Level 15.9 Long Blades
 - Level 2.0 Armour
 - Level 2.0 Dodging


You had 10 spell levels left.
You didn't know any spells.
Your spell library was empty.

Dungeon Overview and Level Annotations

Branches:
Dungeon (10/15)            Temple (0/1) D:5
   Lair: D:8-11         Orc: D:9-12

Altars:
Ashenzari
Cheibriados
Kikubaaqudgha
Makhleb
Nemelex Xobeh
Qazlal
Ru
Trog
Vehumet
Yredelemnul

Shops:
D:1 [   D:7 ?

Annotations:
D:5 3 runed translucent doors, paps's ghost, amateur OpDe
D:10 1 runed translucent door


Innate Abilities, Weirdness & Mutations

You are partially covered in iridescent scales. (AC +2)
Your magical capacity is low. (-10% MP)
You do not regenerate when monsters are visible.


Message History

The fire elemental burns you!
You are too injured to fight recklessly!
You are too injured to fight recklessly!
You are too injured to fight recklessly!
You are too injured to fight recklessly!
You are too injured to fight recklessly!
You are too injured to fight recklessly!
You are too injured to fight recklessly!
You are too injured to fight recklessly!
You are too injured to fight recklessly!
Unknown command.
Okay, then.
Okay, then.
The fire elemental hits you. The fire elemental burns you!
The fire elemental hits you. The fire elemental burns you!
* * * LOW HITPOINT WARNING * * *
The fire elemental hits you. The fire elemental burns you!
* * * LOW HITPOINT WARNING * * *
Aiming: Corrosive Bolt
Press: ? - help, Shift-Dir - straight line, f - deep elf pyromancer
Aim: a deep elf pyromancer, wielding a +0 short sword (heavily wounded, 60% to hit)
The bolt of acid hits the fire elemental!
The acid corrodes the fire elemental!
The fire elemental is severely damaged.
The bolt of acid hits the deep elf pyromancer!
The acid corrodes the deep elf pyromancer!
The deep elf pyromancer is severely wounded.
The fire elemental barely misses you. x2; The fire elemental hits you.
The fire elemental burns you!
* * * LOW HITPOINT WARNING * * *
The fire elemental barely misses you. The fire elemental closely misses you.
Aiming: Corrosive Bolt
Press: ? - help, Shift-Dir - straight line, f/p - deep elf pyromancer
Aim: a deep elf pyromancer, wielding a +0 short sword (severely wounded, covered in acid, 60% to hit)
The bolt of acid misses the fire elemental.
The bolt of acid misses the deep elf pyromancer.
The fire elemental closely misses you. The fire elemental misses you.
The fire elemental barely misses you. The fire elemental hits you.
The fire elemental burns you!
You die...

##########
#........?# #
#.........# ###
#.........# +..
#........># ###
#.........# #
#.........# #
#.......@.# #
#......EEE+ #
#.....ā—‹eā—‹.#
# ######'####
#...# #.###
###'##### #.
#.......# #.
#.......# .##


You could see a deep elf pyromancer (corroded) and 3 fire elementals.

Vanquished Creatures
  Gastronok (D:8)
  A kobold demonologist (D:9)
  2 trolls
  Sigmund (D:4)
  4 wyverns
  5 yaks
  Pargi (D:3)
  A water moccasin (D:7)
  3 orc warriors
  Duvessa (D:5)
  2 black bears (D:6)
  3 sky beasts
  5 centaurs
  A phantom (D:5)
  3 ogres
  A kobold brigand (D:9)
  A bullfrog (D:6)
  A gnoll sergeant (D:8)
  A wyvern zombie (D:4)
  Dowan (D:5)
  A water moccasin skeleton (D:5)
  4 howler monkeys
  A crimson imp (D:5)
  2 centaur zombies
  7 hounds
  Crazy Yiuf (D:2)
  A centaur skeleton (D:7)
  4 orc priests
  Jessica (D:2)
  4 iguanas
  Terence (D:2)
  Natasha (thrice) (D:3 D:4)
  2 orc wizards
  2 hound skeletons (D:4)
  3 howler monkey zombies
  10 gnolls
  8 adders
  A shadow imp (D:6)
  2 white imps
  2 adder skeletons (D:4)
  A worm (D:3)
  A dart slug (D:1)
  28 orcs
  9 bats
  7 endoplasms
  4 giant cockroaches
  2 goblins
  4 hobgoblins
  10 kobolds
  4 quokkas
  4 ball pythons
  5 frilled lizards
  5 rats
183 creatures vanquished.

Vanquished Creatures (others)
  A human (D:5)
  An orc (D:8)
2 creatures vanquished.

Grand Total: 185 creatures vanquished

Notes
Turn   | Place    | Note
-------+----------+-------------------------------------------
     0 | D:1      | Johnny the Human Berserker began the quest for the Orb.
     0 | D:1      | Reached XP level 1. HP: 18/18 MP: 1/1
     4 | D:1      | Found Bymiyr's Armour Shop.
   241 | D:1      | Reached XP level 2. HP: 24/24 MP: 2/2
   412 | D:1      | Reached XP level 3. HP: 28/29 MP: 3/3
   630 | D:1      | Reached skill level 4 in Long Blades
   907 | D:2      | Found a runed translucent door.
   908 | D:2      | Noticed Crazy Yiuf
   939 | D:2      | Reached XP level 4. HP: 23/36 MP: 4/4
  1045 | D:2      | Found a faded altar of an unknown god.
  1505 | D:2      | Noticed Jessica
  1511 | D:2      | Killed Jessica
  1512 | D:2      | Reached XP level 5. HP: 27/42 MP: 1/5
  1747 | D:2      | Noticed Terence
  1757 | D:2      | Killed Terence
  1850 | D:2      | Reached skill level 5 in Long Blades
  2006 | D:2      | Reached ** piety under Trog
  2039 | D:2      | Killed Crazy Yiuf
  2173 | D:3      | Reached XP level 6. HP: 24/48 MP: 2/6
  2595 | D:3      | Noticed Natasha
  2608 | D:3      | Killed Natasha
  3035 | D:3      | Noticed Pargi
  3053 | D:3      | Killed Pargi
  3054 | D:3      | Reached skill level 6 in Long Blades
  3090 | D:3      | Noticed Natasha
  3107 | D:3      | Killed Natasha
  3188 | D:3      | Reached XP level 7. HP: 52/55 MP: 7/7
  3676 | D:4      | Reached skill level 5 in Fighting
  3722 | D:4      | Found a snail-covered altar of Cheibriados.
  3722 | D:4      | Found a basalt altar of Yredelemnul.
  3737 | D:4      | Found a sparkling altar of Nemelex Xobeh.
  3739 | D:4      | Found a stormy altar of Qazlal.
  3739 | D:4      | Found a broken altar of Ashenzari.
  3869 | D:4      | You fall into a shaft and drop 3 floors!
  3878 | D:7      | Reached skill level 7 in Long Blades
  3878 | D:7      | Found Jeilapso's Magic Scroll Emporium.
  3879 | D:7      | Noticed a water moccasin
  3963 | D:7      | Reached XP level 8. HP: 41/63 MP: 4/8
  4487 | D:6      | Reached skill level 8 in Long Blades
  4829 | D:5      | Entered Level 5 of the Dungeon
  4892 | D:5      | Noticed Duvessa
  4892 | D:5      | Noticed Dowan
  4903 | D:5      | Killed Duvessa
  4904 | D:5      | Reached skill level 9 in Long Blades
  4905 | D:5      | Killed Dowan
  4975 | D:5      | Found a bloodstained altar of Trog.
  5047 | D:5      | Found a burning altar of Makhleb.
  5047 | D:5      | Found a radiant altar of Vehumet.
  5172 | D:5      | Found a staircase to the Ecumenical Temple.
  5219 | D:5      | Reached XP level 9. HP: 31/68 MP: 4/9
  5453 | D:5      | Reached skill level 10 in Long Blades
  5886 | D:5      | Found a runed translucent gate.
  5886 | D:5      | Found a runed translucent gate.
  5886 | D:5      | Found a runed translucent gate.
  5887 | D:5      | Noticed paps's ghost (amateur OpDe)
  6199 | D:5      | Found an ancient bone altar of Kikubaaqudgha.
  6339 | D:4      | Reached *** piety under Trog
  6377 | D:4      | Found a sacrificial altar of Ru.
  6581 | D:4      | Noticed Sigmund
  6598 | D:4      | Killed Sigmund
  6599 | D:4      | Reached skill level 11 in Long Blades
  7655 | D:3      | Noticed Natasha
  7661 | D:4      | Killed Natasha
  7762 | D:1      | Bought a +2 cloak of poison resistance for 259 gold pieces
  8016 | D:7      | Reached skill level 12 in Long Blades
  8104 | D:7      | Identified a scroll of acquirement
  8104 | D:7      | Acquired the +1 pair of gloves of Refuge {rCorr Dex+7}
  8507 | D:8      | Noticed a troll
  8524 | D:8      | Killed a troll
  8525 | D:8      | Reached XP level 10. HP: 75/75 MP: 8/10
  8845 | D:9      | Reached skill level 13 in Long Blades
  8996 | D:9      | Noticed a kobold demonologist
  9003 | D:9      | Noticed an orange demon
  9016 | D:9      | Gained mutation: You are partially covered in iridescent
                  | scales. (AC +2) [potion of mutation]
  9016 | D:9      | Gained mutation: Your magical capacity is low. (-10% MP)
                  | [potion of mutation]
  9016 | D:9      | Gained mutation: You do not regenerate when monsters are
                  | visible. [potion of mutation]
  9028 | D:9      | Killed a kobold demonologist
  9381 | D:9      | Reached skill level 14 in Long Blades
 10052 | D:8      | Noticed Gastronok
 10070 | D:8      | Killed Gastronok
 10071 | D:8      | Reached skill level 15 in Long Blades
 10071 | D:8      | Reached XP level 11. HP: 80/80 MP: 8/9
 10399 | D:10     | Entered Level 10 of the Dungeon
 10458 | D:10     | Found a runed translucent door.
 10649 | D:10     | Noticed a deep elf pyromancer
 10661 | D:10     | Slain by a fire elemental

Illustrated notes

Levels and vault maps discovered:
D:1:      mushboom_english_gardens, layout_loops_ring, serial_shops, shop
D:2:      layout_loops_corners, hellmonk_ecumenical_altar_pennies_from_heaven,
          uniq_jessica, uniq_crazy_yiuf_cottage, uniq_terence
D:3:      layout_basic, uniq_pargi, uniq_natasha
D:4:      layout_basic, grunt_temple_overflow_open, overflow_temple_1_default,
          uniq_sigmund
D:5:      layout_loops_ring, grunt_temple_overflow_lords_of_destruction,
          trog_three_pillars_becter, tgw_kikubaaqudgha,
          minmay_temple_entry_statues, gammafunk_ghost_nasty_kobolds,
          hangedman_decor_growths, uniq_duvessa
D:6:      layout_basic
D:7:      layout_rooms, serial_shops, nicolae_square_shop
D:8:      layout_basic, nicolae_gozag_cash_rules_everything_around_me,
          nicolae_wu_jian_glorious_leap, erik_lair_island,
          guppyfry_early_elven_hall, uniq_gastronok
D:9:      layout_basic, item_on_display_a
D:10:     layout_roguey, nicolae_tso_carved_into_rock,
          minmay_statue_crystal_thing

Skill      XL: |  1  2  3  4  5  6  7  8  9 10 |
---------------+-------------------------------+-----
Long Blades    | 4 5 6 7 9 12 15 | 15.9
Fighting       | 4 5 |  5.6
Armour         | |  2.0
Dodging        | |  2.0

Action                   |  1- 3 |  4- 6 |  7- 9 | 10-12 || total
-------------------------+-------+-------+-------+-------++-------
Melee: Falchion          |    62 |   133 |   396 |    77 ||   668
       Long sword        |       |       |       |    60 ||    60
       Scimitar          |       |       |       |   120 ||   120
Invok: Berserk           |       |     5 |    14 |    10 ||    29
       Trog's Hand       |       |       |     5 |     7 ||    12
Evoke: Wand              |       |       |       |     2 ||     2
  Use: Scroll            |       |       |    10 |     4 ||    14
       Potion            |       |       |       |    12 ||    12
 Stab: Sleeping          |     1 |       |       |       ||     1
Armor: Ring mail         |    29 |    12 |       |       ||    41
       Scale mail        |       |    33 |   164 |    61 ||   258
       Troll leather arm |       |       |       |    60 ||    60
Dodge: Dodged            |    40 |    72 |   172 |   158 ||   442

Table legend: (Time is in decaauts)
 A = Elapsed time spent in this place.
 B = Non-inter-level travel time spent in this place.
 C = Inter-level travel time spent in this place.
 D = Time resting spent in this place.
 E = Time spent auto-exploring this place.
 F = Levels seen in this place.
 G = Mean time per level.
                   A        B        C        D        E       F      G
               +--------+--------+--------+--------+--------+-----+--------+
         Total |  10779 |  10053 |    726 |   1514 |   6895 |  10 | 1077.9 |
       Dungeon |  10779 |  10053 |    726 |   1514 |   6895 |  10 | 1077.9 |
               +--------+--------+--------+--------+--------+-----+--------+

Top non-repeatable levels by time:
     D:6: 1547 daAuts
     D:5: 1514 daAuts
     D:2: 1393 daAuts
     D:9: 1360 daAuts
     D:3: 1274 daAuts
     D:4: 1046 daAuts
     D:1: 920 daAuts
     D:7: 879 daAuts
     D:8: 580 daAuts
    D:10: 260 daAuts
